 Dungeon Crawl Stone Soup version 0.23-a0-636-g0ff6057 (webtiles) character file.

74 Leeroy the Slasher (level 4, -2/36 HPs)
             Began as a Draconian Skald on Dec 28, 2018.
             Was an Initiate of Okawaru.
             Slain by a worker ant (8 damage)
             ... on level 5 of the Dungeon.
             The game lasted 00:06:05 (2094 turns).

Leeroy the Slasher (Draconian Skald)                Turns: 2094, Time: 00:06:06

Health: -2/36      AC:  6    Str: 12 (13) XL:     4   Next: 9%
Magic:  5/7        EV:  9    Int: 13 (15) God:    Okawaru [......]
Gold:   129        SH:  6    Dex:  7 (10) Spells: 3/7 levels left

rFire    . . .     SeeInvis .   u - +0 long sword
rCold    . . .     Gourm    .   t - +0 shield
rNeg     . . .     Faith    .   (armour unavailable)
rPois    .         Spirit   .   (helmet restricted)
rElec    .         Reflect  .   x - +0 cloak
rCorr    .         Harm     .   (no gloves)
MR       .....                  (no boots)
Stlth    +.........             (no amulet)
HPRegen  0.12/turn              (no ring)
MPRegen  0.10/turn              (no ring)

@: lethally poisoned (-2 -> -7), infused
A: unfitting armour, cold-blooded, AC +5
a: Renounce Religion


You were on level 5 of the Dungeon.
You worshipped Okawaru.
Okawaru was noncommittal.
You were not hungry.

You visited 1 branch of the dungeon, and saw 5 of its levels.

You collected 129 gold pieces.

Inventory:

Hand Weapons
 a - a +0 falchion
 k - a +0 dagger
 q - a +0 hand axe
 u - a +0 long sword (weapon)
Missiles
 g - 108 stones (quivered)
 m - 22 poisoned needles
 n - 56 arrows
 y - 22 sling bullets
Armour
 t - a +0 shield (worn)
 x - a +0 cloak (worn)
Jewellery
 f - an uncursed ring of stealth {unknown}
 r - an uncursed ring of resist corrosion {unknown}
 w - an uncursed ring of stealth {unknown}
Scrolls
 e - 3 scrolls of identify {unknown}
 h - a scroll of blinking {unknown}
 j - a scroll of enchant armour {unknown}
 l - 2 scrolls of amnesia {unknown}
 p - 3 scrolls of remove curse {unknown}
Potions
 i - a potion of degeneration
 s - a potion of agility {unknown}
Comestibles
 c - 9 rations


   Skills:
 - Level 2.1 Fighting
 * Level 4.2 Long Blades
 - Level 2.2 Dodging
 * Level 0.5 Shields
 - Level 2.0 Spellcasting
 - Level 2.6 Charms


You had 3 spell levels left.
You knew the following spells:

 Your Spells              Type           Power        Failure   Level  Hunger
a - Infusion              Chrm           #...         50%         1    ##.....
b - Spectral Weapon       Hex/Chrm       #.......     96%         3    ####...

Your spell library contained the following spells:

 Spells                   Type           Power        Failure   Level  Hunger
 Song of Slaying          Chrm           #.......     63%         2    ###....
 Shroud of Golubria       Chrm/Tloc      #.........   82%         2    ###....
 Regeneration             Chrm/Necr      #.........   96%         3    ####...


Dungeon Overview and Level Annotations

Branches:
Dungeon (6/15)
 Temple: D:4-7

Altars:
Makhleb
Okawaru
Xom


Innate Abilities, Weirdness & Mutations

Your plain brown scales are hard. (AC +5)
You cannot fit into any form of body armour.
You are cold-blooded and may be slowed by cold attacks.


Message History

The worker ant is moderately wounded.
The worker ant bites you but does no damage.
Casting: Spectral Weapon (very dangerous; 96% risk of failure)
Confirm with . or Enter, or press ? or * to list all spells.
You begin infusing your attacks with magical energy.
The worker ant bites you.
* * * LOW HITPOINT WARNING * * *
You are poisoned.
The worker ant poisons you! You block the worker ant's attack.
You hit the worker ant.
The worker ant is heavily wounded.
* * * LOW HITPOINT WARNING * * *
You feel sick. The worker ant closely misses you.
You riposte.
Your shield prevents you from hitting the worker ant.
The worker ant is heavily wounded.
You hit the worker ant.
The worker ant is heavily wounded.
* * * LOW HITPOINT WARNING * * *
You feel sick. The worker ant bites you!
You die...

#.### .. ......
.## . ...... #.#
........##.####
.....>.....#.###
#.............#
.##....##......##
......##.......#
.#...@.......#
........a.......#
...###.#.......##
. #..###..####
##. ..### .....
..#a. ....


You could see a worker ant.

Vanquished Creatures
  2 adders (D:2)
  A shadow imp (D:5)
  A worm (D:2)
  A dart slug (D:1)
  3 leopard geckos
  A ball python (D:2)
  9 goblins
  3 hobgoblins
  2 jackals (D:2)
  5 kobolds
  A quokka (D:2)
  5 bats
  3 frilled lizards
  4 rats
41 creatures vanquished.

Notes
Turn   | Place    | Note
-------+----------+-------------------------------------------
     0 | D:1      | Leeroy the Draconian Skald began the quest for the Orb.
     0 | D:1      | Reached XP level 1. HP: 17/17 MP: 3/3
   139 | D:1      | Reached XP level 2. HP: 24/24 MP: 5/5
   380 | D:1      | Reached skill level 3 in Long Blades
   944 | D:2      | Reached XP level 3. HP: 23/29 MP: 6/6
   949 | D:2      | Learned a level 3 spell: Spectral Weapon
   955 | D:2      | Found a faded altar of an unknown god.
   973 | D:2      | Became a worshipper of Makhleb the Destroyer
   973 | D:2      | Reached * piety under Makhleb
  1116 | D:2      | Found an iron altar of Okawaru.
  1121 | D:2      | Fell from the grace of Makhleb
  1121 | D:2      | Became a worshipper of Warmaster Okawaru
  1236 | D:2      | Found a shimmering altar of Xom.
  1357 | D:2      | Reached skill level 4 in Long Blades
  1877 | D:3      | You fall through a shaft for 3 floors!
  1877 | D:6      | Noticed a gnoll sergeant
  1878 | D:6      | Noticed a hungry ghost
  1923 | D:6      | Noticed a bullfrog
  1938 | D:5      | Entered Level 5 of the Dungeon
  1947 | D:5      | Reached XP level 4. HP: 8/36 MP: 7/7
  2094 | D:5      | Slain by a worker ant

Vault maps used:
D:1:      dpeg_arrival_rooms_c
D:2:      minmay_wonky_spiral, lemuel_round_altar,
          chequers_ecumenical_altar_island, okawaru_trees_2
D:3:      first_ration, xom_redecorated
D:5:      hangedman_minor_gate_pass
D:6:      cheibrodos_sewer_entry_bend

Skill      XL: |  1  2  3 |
---------------+----------+-----
Long Blades    | 3 4 |  4.2
Fighting       | |  2.1
Dodging        | |  2.2
Shields        | |  0.5
Spellcasting   | |  2.0
Charms         | |  2.6

Action                   |  1- 3 |  4- 6 || total
-------------------------+-------+-------++-------
Melee: Falchion          |   108 |       ||   108
       Tailslap          |    12 |     1 ||    13
       Long sword        |    24 |     9 ||    33
 Cast: Infusion          |       |     1 ||     1
  Use: Potion            |     4 |     2 ||     6
  Eat: Chunk             |     3 |     1 ||     4
Armor: Skin              |    75 |     4 ||    79
Dodge: Dodged            |   100 |     6 ||   106
Block: Shield            |    31 |     4 ||    35
       Rpst.: Falchion   |    24 |       ||    24
       Long sword        |     8 |     2 ||    10

Table legend:
 A = Non-vault XP
 B = Vault XP
 C = Vault XP percentage of total XP
 D = Non-vault monster count
 E = Vault monster count
 F = Vault count percentage of total count
                 A         B        C        D         E       F
            +---------+---------+-------+---------+---------+-------
      Total |      98 |       8 |   7.5 |      38 |       3 |   7.3
            +---------+---------+-------+---------+---------+-------
        D:1 |      36 |       0 |   0.0 |      20 |       0 |   0.0
        D:2 |      48 |       8 |  14.3 |      16 |       3 |  15.8
        D:3 |       3 |       0 |   0.0 |       1 |       0 |   0.0
        D:5 |      11 |       0 |   0.0 |       1 |       0 |   0.0
            +---------+---------+-------+---------+---------+-------
